 Dungeon Crawl Stone Soup version 0.31-a0-236-g9a0961fb85 (webtiles) character file.

Game seed: 7489165165560915480

449171 Mahakala the Acrobat (level 23, -2/192 HPs)
             Began as a Spriggan Enchanter on July 10, 2023.
             Was the Champion of Dithmenos.
             Killed by divine providence
             ... invoked by a meliai
              (15 damage)
             ... on level 3 of the Abyss on July 11, 2023.
             The game lasted 07:13:01 (77560 turns).

Mahakala the Acrobat (Spriggan Enchanter)          Turns: 77560, Time: 07:13:02

Health: -2/192     AC: 31    Str:  4    XL:     23   Next: 16%
Magic:  31/45      EV:  4    Int: 33    God:    Dithmenos [******]
Gold:   5450       SH:  5    Dex: 20    Spells: 11/56 levels left

rFire   . . .        b - +7 rapier (elec)
rCold   + . .        (no shield)
rNeg    . . .        w - melded +0 acid dragon scales
rPois   +            X - melded +0 hat of Qocehioq {Contam rPois Regen+}
rElec   +            C - melded scarf {rC+ rF+}
rCorr   +            (gloves unavailable)
SInv    +            (boots unavailable)
Will    ++++.        y - amulet of Xouloroy {Reflect Dex+4 SH+5} Stlth ***+++++++
                     K - ring of Cowardice {Int+6 Slay+3}
HPRegen 0.52/turn    J - ring of Xom's Full Attention {rElec rC+ rCorr}
MPRegen 0.29/turn

%: reflection
@: tree-form, wreathed by umbra
A: stationary, stasis, torment immunity, boosted hp, very small, no large
weapons, unfitting armour, see invisible, (speed 3)
}: 2/15 runes: decaying, gossamer
a: Renounce Religion, Shadow Step, Shadow Form


You were on level 3 of the Abyss.
You worshipped Dithmenos.
Dithmenos was exalted by your worship.
You were a tree.
You visited 9 branches of the dungeon, and saw 42 of its levels.
You visited the Abyss 1 time.
You also visited: Bailey and Ice Cave.

You collected 7850 gold pieces.
You spent 2400 gold pieces at shops.

Inventory:

Hand Weapons
 b - a +7 rapier of electrocution (weapon)
 N - the +9 short sword of Prescription {freeze, rElec Str+5 Dex-2}
   (You found it on level 2 of the Vaults)

   Str:       It affects your strength (+5).
   Dex:       It affects your dexterity (-2).
   rElec:     It insulates you from electricity.
Missiles
 L - 4 curare-tipped darts {!f}
 O - 39 poisoned darts
Armour
 w - +0 acid dragon scales (melded)
 C - a scarf of resistance (melded)
 U - a +0 buckler
 X - the +0 hat of Qocehioq (melded) {Contam rPois Regen+}
   (You bought it in a shop on level 2 of the Orcish Mines)

   rPois:     It protects you from poison.
   Contam:    It causes magical contamination when unequipped.
   Regen:     It increases your rate of health regeneration.
Jewellery
 f - a +5 ring of evasion
 m - a ring of protection from fire
 y - the amulet of Xouloroy (around neck) {Reflect Dex+4 SH+5}
   (You took it off a deep elf annihilator on level 3 of the Elven Halls)

   [amulet of reflection]

   It reflects blocked missile attacks.
   Dex:       It affects your dexterity (+4).
   SH:        It affects your SH (+5).
 J - the ring of Xom's Full Attention (right branch) {rElec rC+ rCorr}
   (You took it off a deep elf demonologist on level 3 of the Elven Halls)

   [ring of protection from cold]

   rC:        It protects you from cold.
   rElec:     It insulates you from electricity.
   rCorr:     It protects you from acid and corrosion.
 K - the ring of Cowardice (left branch) {Int+6 Slay+3}
   (You took it off a deep elf high priest on level 3 of the Elven Halls)

   [ring of intelligence]

   Int:       It affects your intelligence (+6).
   Slay:      It affects your accuracy & damage with ranged weapons and melee
   (+3).
 Q - a ring of wizardry
 S - the ring of the Neverending Ghosts {Fly Str+5}
   (You found it on level 4 of the Spider Nest)

   [ring of flight]

   Str:       It affects your strength (+5).
   Fly:       It grants you flight.
Wands
 c - a wand of mindburst (41)
 d - a wand of iceblast (59)
 t - a wand of flame (110)
 u - a wand of paralysis (43)
 v - a wand of digging (20)
 x - a wand of acid (26)
 F - a wand of polymorph (17)
Scrolls
 a - 3 scrolls of poison
 e - 2 scrolls of silence
 i - 10 scrolls of enchant armour
 n - 13 scrolls of teleportation {@r4}
 o - a scroll of blinking {@r3}
 q - 5 scrolls of amnesia
 s - 9 scrolls of immolation
 B - 7 scrolls of fog
 M - 4 scrolls of fear
 V - a scroll of revelation
 W - 3 scrolls of vulnerability
 Z - 3 scrolls of summoning
Potions
 g - 11 potions of curing {@q1}
 j - 10 potions of heal wounds {@q2}
 k - 8 potions of enlightenment
 p - 3 potions of berserk rage
 r - 13 potions of might
 z - 11 potions of brilliance
 A - 5 potions of magic
 D - 4 potions of attraction
 E - 10 potions of ambrosia
 G - 5 potions of resistance
 H - 8 potions of haste {@q3}
 P - 5 potions of lignification
 R - 9 potions of cancellation
 T - 4 potions of invisibility
Miscellaneous
 h - a phantom mirror
 l - a phial of floods
 I - a condenser vane
 Y - a sack of spiders


   Skills:
 + Level 16.3 Fighting
 - Level 13.9(14.0) Short Blades
 - Level 1.0(6.9) Long Blades
 - Level 4.0 Armour
 - Level 22.0 Dodging
 - Level 18.0 Stealth
 - Level 6.0 Shields
 - Level 17.2 Spellcasting
 - Level 15.8 Hexes
 - Level 13.3 Summonings
 - Level 20.0 Translocations
 - Level 3.0 Transmutations
 - Level 2.0 Ice Magic
 - Level 5.0 Air Magic
 - Level 1.3 Earth Magic
 - Level 12.0 Invocations
 - Level 14.0 Evocations


You had 11 spell levels left.
You knew the following spells:

 Your Spells              Type           Power      Damage    Failure   Level
a - Ensorcelled Hibernat  Hex/Ice        100%       N/A       1%          2
b - Confusing Touch       Hex            93%        N/A       0%          3
c - Tukima's Dance        Hex            93%        N/A       0%          3
d - Blink                 Tloc           100%       N/A       0%          2
e - Dazzling Flash        Conj/Hex       100%       N/A       1%          3
f - Passwall              Tmut/Erth      35%        N/A       1%          2
g - Malign Gateway        Summ/Tloc      47%        N/A       1%          7
h - Silence               Hex/Air        38%        N/A       1%          5
i - Yara's Violent Unrav  Hex/Tmut       37%        3d15      1%          5
j - Vhi's Electric Charg  Tloc/Air       100%       N/A       1%          3
k - Apportation           Tloc           100%       N/A       0%          1
q - Summon Lightning Spi  Summ/Air       73%        N/A       1%          4
s - Summon Mana Viper     Hex/Summ       90%        N/A       1%          5

Your spell library contained the following spells:

 Spells                   Type           Power      Damage    Failure   Level
 Summon Small Mammal      Summ           100%       N/A       0%          1
 Call Imp                 Summ           100%       N/A       0%          2
 Lesser Beckoning         Tloc           100%       N/A       0%          2
 Manifold Assault         Tloc           100%       N/A       0%          4
 Passage of Golubria      Tloc           100%       N/A       0%          4
 Beastly Appendage        Tmut           96%        N/A       1%          1
 Foxfire                  Conj/Fire      100%       2x1d9     1%          1
 Freeze                   Ice            100%       1d10      1%          1
 Kiss of Death            Conj/Necr      100%       2d13      1%          1
 Magic Dart               Conj           100%       1d8       1%          1
 Necrotise                Necr           100%       1d9       1%          1
 Sandblast                Erth           74%        2d16      1%          1
 Sting                    Tmut/Pois      100%       1d8       1%          1
 Cigotuvi's Dreadful Rot  Necr/Pois/Air  78%        N/A       1%          2
 Momentum Strike          Conj/Tloc      100%       3d10      1%          2
 Poisonous Vapours        Pois/Air       88%        N/A       1%          2
 Sublimation of Blood     Necr           28%        N/A       1%          2
 Wereblood                Tmut           48%        N/A       1%          2
 Frozen Ramparts          Ice            82%        1d13      1%          3
 Mephitic Cloud           Conj/Pois/Air  39%        N/A       1%          3
 Swiftness                Air            57%        N/A       1%          3
 Volatile Blastmotes      Fire/Tloc      100%       2d18      1%          3
 Animate Armour           Summ/Erth      100%       N/A       1%          4
 Fulminant Prism          Conj/Hex       34%        3d16      1%          4
 Iskenderun's Mystic Bla  Conj/Tloc      76%        2d15      1%          4
 Summon Ice Beast         Ice/Summ       68%        N/A       1%          4
 Dispersal                Tloc           51%        N/A       1%          6
 Summon Cactus Giant      Summ           43%        N/A       1%          6
 Hailstorm                Conj/Ice       35%        3d9       2%          3
 Spider Form              Tmut/Pois      38%        N/A       2%          3
 Disjunction              Tloc           51%        N/A       2%          8
 Vampiric Draining        Necr           28%        2d8       4%          3
 Monstrous Menagerie      Summ           43%        N/A       4%          7
 Summon Hydra             Summ           43%        N/A       4%          7
 Petrify                  Tmut/Erth      42%        N/A       5%          4
 Blade Hands              Tmut           24%        N/A       11%         5
 Discord                  Hex            46%        N/A       13%         8
 Dispel Undead            Necr           28%        3d13      14%         4
 Flame Wave               Conj/Fire      28%        2d9       14%         4
 Olgreb's Toxic Radiance  Pois           28%        N/A       14%         4
 Arcjolt                  Conj/Air       22%        1d32      14%         5
 Irradiate                Conj/Tmut      19%        3d18      21%         5
 Lee's Rapid Deconstruct  Erth           18%        3d11*     22%         5
 Agony                    Necr           28%        N/A       36%         5
 Fireball                 Conj/Fire      14%        3d8       36%         5
 Summon Horrible Things   Summ           43%        N/A       36%         8
 Conjure Ball Lightning   Conj/Air       22%        3x3d6     58%         6
 Plasma Beam              Fire/Air       22%        2x1d34    58%         6
 Haunt                    Necr/Summ      32%        N/A       58%         7
 Starburst                Conj/Fire      14%        6d6       91%         6
 Storm Form               Tmut/Air       26%        N/A       92%         7
 Dragon's Call            Summ           43%        N/A       99%         9
 Ignition                 Fire           14%        3d6       100%        8
 Lehudib's Crystal Spear  Conj/Erth      16%        10d5      100%        8
 Maxwell's Capacitive Co  Air            28%        ∞         100%        8


Dungeon Overview and Level Annotations

Branches:
Dungeon (15/15)            Temple (1/1) D:4            Lair (5/5) D:11
  Swamp (4/4) Lair:3       Spider (4/4) Lair:3        Slime (0/5) Lair:4
    Orc (2/2) D:10            Elf (3/3) Orc:2        Vaults (4/5) D:13
  Crypt (0/3) Vaults:2     Depths (4/4) D:15            Zot (0/5) Depths:4
 Bailey (visited)           IceCv (visited)

Altars:
Ashenzari
Cheibriados
Dithmenos
Elyvilon
Fedhas
Gozag
Hepliaklqana
Kikubaaqudgha
Makhleb
Nemelex Xobeh
Okawaru
Qazlal
Ru
Sif Muna
Trog
Uskayaw
Vehumet
Wu Jian
Xom
Yredelemnul
Zin
The Shining One
Jiyva

Shops:
Orc:1 =   Orc:2 :*(?:   Elf:3 ([:*:   Vaults:3 (

Portals:
Hell: Depths:1 Depths:2 Depths:3 Depths:4
Abyss: Depths:3
Pandemonium: Orc:2 Depths:2
Ziggurat: Depths:2
Trove: Vaults:4 (give 7 scrolls of fog)

Annotations:
D:10 2 runed translucent doors, AwFulAwFulPlayer's ghost, journeyman AtFi
Lair:2 1 runed translucent door, exclusion: oklob plant
Spider:4 3 runed translucent doors, Demosthentine's ghost, adept DsGl
Orc:1 1 runed translucent door, Piadonn's ghost, journeyman MiBe
Elf:2 3 runed translucent doors
Vaults:3 1 runed translucent door, Reyb's ghost, veteran DsGl
Depths:2 4 exclusions


Innate Abilities, Weirdness & Mutations

You are a tree.
Your roots penetrate the ground, keeping you stationary.
You cannot be teleported.
You are immune to unholy pain and torment.
Your maximum health is greatly increased.
Your equipment is partially melded.
You are very small and have problems with some larger weapons.
You are too small for most types of armour.
You have supernaturally acute eyesight. (SInv)
((You cover ground extremely quickly. (Speed+++)))


Message History

* * * LOW HITPOINT WARNING * * *
The meliai hits you but does no damage. The meliai stings you.
* * * LOW HITPOINT WARNING * * *
The green very ugly thing engulfs you.
* * * LOW HITPOINT WARNING * * *
The meliai hits you with a +1 hand axe of flaming.
* * * LOW HITPOINT WARNING * * *
The meliai burns you.
* * * LOW HITPOINT WARNING * * *
The meliai hits your lightning spire but does no damage.
You block the meliai's attack. You block the ynoxinul's attack.
A wretched star comes into view.
You feel much better. The meliai hits you but does no damage.
The meliai hits your lightning spire with a +1 hand axe of flaming.
The meliai stings you.
* * * LOW HITPOINT WARNING * * *
You block the meliai's attack.
The meliai stings you but does no damage.
The meliai mumbles some strange prayers to its god against you.
Something smites you!
* * * LOW HITPOINT WARNING * * *
The meliai hits you but does no damage.
The meliai stings you but does no damage.
The meliai hits you with a +0 hand axe.
* * * LOW HITPOINT WARNING * * *
The meliai stings you but does no damage.
You block the meliai's attack.
The meliai barely misses your lightning spire.
The meliai stings you but does no damage.
The green very ugly thing engulfs you but does no damage.
The ynoxinul barely misses you.
The green very ugly thing basks in the mutagenic energy from its kin and changes!
You hit the meliai.
The meliai is lightly wounded.
Your shadow hits the meliai but does no damage.
The meliai hits you but does no damage.
The meliai stings you but does no damage.
The meliai invokes the aid of its god against you.
Something smites you!
You die...

. ⌠#⌠. #.# ..
#... ..# u# #
†###[# *.#
#...#..# ⌠.
#⌠..#.. # ##
##u###†###.##
#..⌠#8Xu#5..#.##
#.*5yu3y# # #♣y#
## #y### ##


You could see 4 very ugly things, 2 wretched stars, a large abomination, a
ynoxinul, 4 meliai, 2 ufetubi and a friendly lightning spire (summoned).

Vanquished Creatures
  A dread lich (Vaults:2)
  3 juggernauts
  Sojobo (Depths:3)
  Frederick (Vaults:4)
  Saint Roka (Elf:2)
  3 caustic shrikes
  A golden dragon (Depths:3)
  2 bone dragons
  Nikola (Spider:3)
  4 tentacled monstrosities
  Jorgrun (Orc:1)
  2 titans
  2 deep elf blademasters
  A deep elf master archer (Elf:3)
  6 tengu reavers
  2 shadow dragons
  2 thorn hunters (Swamp:2)
  Donald (Vaults:2)
  2 fenstrider witches (Swamp:2)
  A draconian monk (Depths:4)
  3 deep elf sorcerers
  4 fire giants
  5 frost giants
  Louise (Elf:2)
  8 emperor scorpions
  5 ghost moths
  Aizul (Swamp:1)
  A ghoul (Swamp:2)
  7 vault wardens
  4 deep elf elementalists (Elf:3)
  23 very ugly things
  14 stone giants
  A formless jellyfish (shapeshifter) (Depths:2)
  A starflower (Abyss:3)
  18 ironbound preservers
  2 vampire knights (Depths:2)
  12 ironbound thunderhulks
  4 formless jellyfish
  8 eleionomae
  5 bunyips
  4 deep elf demonologists
  A white draconian (Depths:4)
  2 dire elephants
  6 deep elf annihilators (Elf:3)
  5 spark wasps
  Azrael (Orc:2)
  10 ettins
  A green death (Depths:2)
  6 deep elf death magi
  6 yaktaur captains
  Snorg (Lair:4)
  6 fire dragons
  Josephine (D:13)
  7 great orbs of eyes
  2 deep elf high priests (Elf:3)
  7 entropy weavers
  6 vault guards
  2 rakshasas (Depths:2)
  7 ice dragons
  10 hydras
  3 jorogumos
  The ghost of knightboat the Summoner, a journeyman BaIE of the Shining One (Orc:2)
  Erolcha (D:12)
  A peacekeeper (Vaults:4)
  8 boulder beetles
  13 centaur warriors
  A death knight (D:14)
  3 ghost crabs
  4 spriggan air magi
  An ogre mage (D:13)
  3 radroaches
  3 demonspawn (Orc:2)
  A merfolk avatar (Lair:5)
  5 ironbound frosthearts
  10 dancing weapons
  2 two-headed ogres
  3 deep troll earth magi (Depths:2)
  9 alligators
  3 deep troll shamans (Depths:2)
  6 death scarabs (Spider:4)
  A vampire mage (Depths:4)
  Urug (Orc:2)
  4 demonic crawlers
  2 thrashing horrors (Abyss:3)
  8 tengu warriors
  A spectral emperor scorpion (Spider:4)
  5 orc high priests (Orc:2)
  2 soul eaters (Orc:2)
  6 deep elf knights
  3 sun demons (Depths:2)
  4 hell knights
  A shock serpent (shapeshifter) (Elf:1)
  3 spriggan berserkers
  A storm dragon zombie (Vaults:2)
  A spriggan (Swamp:2)
  A skyshark (Lair:3)
  9 pharaoh ants
  2 skeletal warriors (D:12)
  A wretched star (Abyss:3)
  A sea snake (Lair:4)
  7 iron trolls (Depths:2)
  10 goliath frogs
  3 swamp dragons
  Lodul (D:12)
  5 glowing orange brains
  44 deep trolls
  8 orb spiders
  A flayed ghost (Depths:2)
  15 ironbound convokers
  4 steelbarb worms
  4 spriggan druids
  A spectral wolf spider (Spider:4)
  2 spectral hydras (Swamp:4)
  7 deep elf archers
  12 lindwurms
  7 bog bodies
  24 deep elf zephyrmancers
  21 wizards
  17 harpies
  19 wolf spiders
  8 phantasmal warriors
  A harpy (shapeshifter) (D:14)
  10 orc sorcerers
  5 necromancers
  16 deep elf pyromancers
  A stone giant zombie (Vaults:4)
  6 orc knights
  29 ugly things
  A faun (shapeshifter) (D:15)
  A moth of wrath (Spider:4)
  8 cyclopes
  4 will-o-the-wisps
  5 manticores
  A manticore (shapeshifter) (Depths:2)
  12 elephants
  6 torpor snails
  2 black mambas
  Joseph (D:7)
  11 cane toads
  2 rust devils (Depths:2)
  An eye of devastation (Lair:4)
  3 centaur skeletons (D:15)
  2 gargoyles
  Maggie (D:8)
  A naga mage (D:15)
  An orange demon (Orc:2)
  A spectral redback (Spider:4)
  21 vault sentinels
  2 unseen horror zombies (D:9)
  28 yaktaurs
  9 rime drakes
  2 elf zombies (Vaults:4)
  10 komodo dragons
  An efreet (D:13)
  2 kobold demonologists
  A swamp worm zombie (Swamp:4)
  A tengu conjurer (Depths:2)
  A redback zombie (Spider:4)
  A yaktaur skeleton (Vaults:2)
  An ice devil (Orc:2)
  A red devil (Depths:2)
  A human skeleton (Vaults:2)
  An elf skeleton (Vaults:2)
  A queen bee (Abyss:3)
  2 wind drakes (Lair:5)
  4 meliai
  10 trolls
  A bloated husk (Swamp:2)
  A polar bear (shapeshifter) (Elf:1)
  7 tyrant leeches
  5 hydra zombies (Swamp:4)
  2 spectral culicivoras (Spider:4)
  A tarantella (shapeshifter) (Elf:1)
  27 blink frogs
  An ettin zombie (Vaults:4)
  A raiju (shapeshifter) (Elf:2)
  33 tarantellas
  A dream sheep (shapeshifter) (Depths:2)
  2 large abominations (Abyss:3)
  2 raiju (Abyss:3)
  6 hornets
  5 spectral swamp dragons (Swamp:4)
  2 tarantella zombies (Spider:4)
  8 polar bears
  2 spectral jumping spiders (Spider:4)
  A jumping spider zombie (Spider:4)
  3 culicivora zombies (Spider:4)
  3 spectral tarantellas (Spider:4)
  18 dream sheep
  3 alligator zombies (Swamp:4)
  30 slime creatures
  34 jumping spiders
  3 ynoxinuls
  27 culicivoras
  A culicivora (shapeshifter) (D:13)
  An air elemental (Elf:3)
  2 shadows
  5 wyverns
  A centaur simulacrum (D:13)
  2 basilisks
  A wyvern (shapeshifter) (Depths:3)
  2 water elementals
  41 yaks
  6 wraiths
  5 starcursed masses (Abyss:3)
  4 fire elementals
  54 redbacks
  2 humans
  3 steam dragons
  A golden eye (Abyss:3)
  14 swamp worms
  21 vampire mosquitoes
  Menkaure (D:6)
  2 chaos spawn
  A swamp worm (shapeshifter) (D:14)
  2 wargs
  7 acid dragons
  10 water moccasins
  A floating eye (Lair:4)
  A hell hound (Orc:2)
  3 swamp drakes
  6 ice beasts
  A sky beast (D:6)
  37 orc warriors
  2 black bears
  2 swamp dragon zombies (Swamp:4)
  19 wolves
  3 boggarts
  26 centaurs
  17 ogres
  8 phantoms
  2 small abominations (Abyss:3)
  5 kobold brigands
  15 bullfrogs
  3 necrophages (D:9)
  11 gnoll sergeants
  10 scorpions
  2 earth elementals (Elf:1)
  6 wights (D:9)
  11 killer bees
  10 howler monkeys
  A human simulacrum (Vaults:2)
  6 hounds
  2 centaur zombies
  5 gnoll boudas (Bailey)
  A human zombie (D:9)
  30 orc priests
  Jessica (D:3)
  A sleepcap (D:6)
  A hell rat (Lair:3)
  21 orc wizards
  4 iguanas
  A boggart simulacrum (D:14)
  2 mummies (D:9)
  23 gnolls
  A swamp drake zombie (Swamp:4)
  8 adders
  2 shadow imps
  2 nameless horrors
  2 ufetubi (Abyss:3)
  3 worms
  2 dart slugs
  81 orcs
  10 endoplasms
  5 giant cockroaches
  8 goblins
  5 hobgoblins
  5 quokkas
  9 ball pythons
  8 bats
  A frilled lizard (D:2)
  11 kobolds
  8 rats
1735 creatures vanquished.

Vanquished Creatures (collateral kills)
  A juggernaut (Depths:4)
  2 golden dragons (Depths:4)
  A tentacled monstrosity (Depths:1)
  A quicksilver dragon (Depths:3)
  A titan (Depths:2)
  A deep elf master archer (Elf:3)
  A deep elf blademaster (Elf:3)
  A sphinx (shapeshifter) (Depths:3)
  A tengu reaver (Depths:4)
  3 fire giants
  2 frost giants (Depths:2)
  4 deep elf sorcerers (Elf:3)
  A deep elf elementalist (Elf:3)
  3 draconian stormcallers (Depths:4)
  A stone giant (Depths:2)
  A deep elf demonologist (Elf:3)
  A black draconian (Depths:4)
  A purple draconian (Depths:4)
  3 deep elf annihilators (Elf:3)
  A yellow draconian (Depths:4)
  A deep elf death mage (Elf:3)
  2 ettins
  3 fire dragons
  3 deep elf high priests (Elf:3)
  2 spriggan air magi (Depths:4)
  Erica (D:9)
  An ironbound frostheart (Vaults:2)
  A deep troll shaman (Depths:2)
  2 deep troll earth magi (Depths:2)
  A tengu warrior (Depths:2)
  A large abomination (Abyss:3)
  A spriggan berserker (Depths:4)
  A hell knight (Depths:3)
  A soul eater (Depths:1)
  A spriggan (Depths:4)
  2 iron trolls (Depths:2)
  2 deep trolls (Depths:2)
  A deep elf archer (Elf:2)
  A wizard (Depths:3)
  A deep elf zephyrmancer (Elf:2)
  3 harpies
  A necromancer (Depths:3)
  A deep elf pyromancer (Elf:2)
  An orange demon (Abyss:3)
  2 tengu conjurers
  A hornet (Depths:4)
  An ancient zyme (Abyss:3)
  A blink frog (Lair:3)
  2 ogres (D:4)
  2 wights (D:9)
  A killer bee (D:9)
  A quasit (Abyss:3)
  An orc priest (D:5)
  5 orcs
83 creatures vanquished.

Vanquished Creatures (others)
  11 eldritch tentacles (Depths:4)
  A draconian stormcaller (Depths:4)
  A manticore (D:14)
  3 bloated husks (Swamp:4)
  A dancing weapon (D:5)
  A phantom (Swamp:4)
  20 foxfires
38 creatures vanquished.

Grand Total: 1856 creatures vanquished

Notes
Turn   | Place    | Note
-------+----------+-------------------------------------------
     0 | D:1      | Mahakala the Spriggan Enchanter began the quest for the
                  | Orb.
     0 | D:1      | Reached XP level 1. HP: 9/9 MP: 5/5
   184 | D:1      | Reached skill level 3 in Dodging
   184 | D:1      | Reached XP level 2. HP: 13/13 MP: 6/6
   190 | D:1      | Learned a level 2 spell: Ensorcelled Hibernation
   202 | D:1      | Reached skill level 1 in Long Blades
   693 | D:1      | Reached XP level 3. HP: 16/16 MP: 2/8
  1132 | D:2      | Reached skill level 1 in Ice Magic
  1326 | D:2      | Reached XP level 4. HP: 21/21 MP: 9/9
  1632 | D:2      | Reached skill level 4 in Dodging
  2009 | D:3      | Found a faded altar of an unknown god.
  2101 | D:3      | Noticed a great orb of eyes
  2106 | D:3      | Noticed a golden eye
  2110 | D:3      | Noticed a great orb of eyes
  2110 | D:3      | Noticed a shining eye
  2425 | D:3      | Noticed Jessica
  2456 | D:3      | Killed Jessica
  2457 | D:3      | Reached skill level 1 in Fighting
  2457 | D:3      | Reached XP level 5. HP: 22/25 MP: 0/10
  2474 | D:3      | Learned a level 3 spell: Confusing Touch
  2478 | D:3      | Learned a level 3 spell: Tukima's Dance
  2806 | D:3      | Identified the +6 spear of Tenacity {freeze, Drain Str+7}
  3251 | D:4      | Noticed a phantom
  3426 | D:4      | Found a staircase to the Ecumenical Temple.
  3437 | Temple   | Entered the Ecumenical Temple
  3471 | Temple   | Became a worshipper of Dithmenos the Shadowed
  3552 | D:4      | Noticed an ogre
  3558 | D:4      | Noticed an ogre
  3721 | D:4      | Reached skill level 5 in Hexes
  3721 | D:4      | Reached XP level 6. HP: 32/32 MP: 8/11
  4155 | D:4      | Learned a level 2 spell: Blink
  4293 | D:4      | Reached skill level 1 in Translocations
  4293 | D:4      | Reached XP level 7. HP: 37/37 MP: 8/12
  4316 | D:5      | Entered Level 5 of the Dungeon
  4726 | D:5      | Found a shimmering blue altar of Sif Muna.
  4916 | D:5      | Found a white marble altar of Elyvilon.
  5117 | D:5      | Reached * piety under Dithmenos
  5179 | D:5      | Reached skill level 5 in Stealth
  5539 | D:5      | Reached XP level 8. HP: 31/42 MP: 4/15
  5972 | D:6      | Learned a level 3 spell: Dazzling Flash
  6040 | D:6      | Noticed Menkaure
  6774 | D:6      | Reached skill level 5 in Short Blades
  6776 | D:6      | Reached skill level 5 in Fighting
  6801 | D:6      | Learned a level 2 spell: Passwall
  6855 | D:6      | Killed Menkaure
  6856 | D:6      | Reached skill level 1 in Transmutations
  6884 | D:7      | Found a hide-covered altar of Uskayaw.
  6957 | D:7      | Reached skill level 5 in Spellcasting
  6971 | D:7      | Noticed Joseph
  7154 | D:7      | Reached ** piety under Dithmenos
  7283 | D:7      | Reached XP level 9. HP: 46/48 MP: 17/17
  7489 | D:7      | Found an ornate altar of the Wu Jian Council.
  7852 | D:7      | Killed Joseph
  8163 | D:8      | Reached skill level 5 in Evocations
  8196 | D:8      | Identified the +2 hat of the Unseen Realm {Harm Fly Dex+3
                  | SInv}
  8411 | D:8      | Noticed Maggie
  8418 | D:8      | Killed Maggie
  8455 | D:8      | Found a flagged portal.
  8463 | Bailey   | Entered a bailey
  8517 | Bailey   | Upgraded the game from 0.31-a0-233-g139696dc86 to
                  | 0.31-a0-236-g9a0961fb85
  8783 | Bailey   | Reached *** piety under Dithmenos
  8792 | Bailey   | Reached XP level 10. HP: 45/53 MP: 9/18
  8945 | Bailey   | Reached skill level 5 in Dodging
  9079 | Bailey   | Identified the ring of Lugonu's Approval {AC+4 Dex+3}
  9102 | Bailey   | Reached skill level 10 in Hexes
  9249 | Bailey   | Reached skill level 6 in Dodging
  9381 | Bailey   | Reached skill level 7 in Dodging
  9640 | D:8      | Found a runed translucent door.
  9643 | D:8      | Found a basalt altar of Yredelemnul.
  9726 | D:8      | Reached skill level 8 in Dodging
 10001 | D:8      | Noticed a gargoyle
 10007 | D:8      | Killed a gargoyle
 10007 | D:8      | Reached **** piety under Dithmenos
 10336 | D:9      | Noticed a soul eater
 10642 | D:8      | Noticed a sun demon
 11144 | D:9      | Noticed Erica
 11162 | D:9      | Killed Erica
 11163 | D:9      | Reached XP level 11. HP: 49/62 MP: 22/22
 11444 | D:9      | Found an ancient bone altar of Kikubaaqudgha.
 12161 | D:9      | Reached ***** piety under Dithmenos
 12324 | D:9      | Reached skill level 1 in Invocations
 12429 | D:9      | Found a shimmering altar of Xom.
 12545 | D:10     | Entered Level 10 of the Dungeon
 12588 | D:10     | Noticed AwFulAwFulPlayer's ghost (journeyman AtFi)
 12588 | D:10     | Noticed a lich
 12589 | D:10     | Noticed a necromancer
 12589 | D:10     | Noticed a five-headed hydra
 12592 | D:10     | Noticed a two-headed ogre
 12609 | D:10     | Noticed a skeletal warrior
 12625 | D:10     | Killed a two-headed ogre
 12626 | D:10     | Reached skill level 10 in Stealth
 12819 | D:10     | Found a runed translucent door.
 12823 | D:10     | Found a runed translucent door.
 12884 | D:10     | Found a staircase to the Orcish Mines.
 13130 | D:10     | Noticed an entropy weaver
 13162 | D:10     | Found a sacrificial altar of Ru.
 13193 | D:10     | Found a hazy altar of Hepliaklqana.
 13611 | D:10     | Found a stormy altar of Qazlal.
 13918 | D:11     | Noticed a two-headed ogre
 13962 | D:11     | Killed a two-headed ogre
 14182 | D:11     | Reached skill level 5 in Invocations
 14362 | D:11     | Found a staircase to the Lair.
 14582 | D:11     | Noticed a brown ugly thing
 14590 | D:11     | Killed a brown ugly thing
 14830 | D:11     | Reached XP level 12. HP: 63/66 MP: 23/23
 15100 | D:11     | Noticed a boulder beetle
 15297 | D:11     | Killed a boulder beetle
 15392 | Lair:1   | Entered Level 1 of the Lair of Beasts
 15535 | Lair:1   | Reached skill level 1 in Earth Magic
 15755 | Lair:1   | Found the +7 great mace "Undeadhunter" {deathbane, rN+}
 15903 | Lair:1   | Reached skill level 9 in Dodging
 16068 | Lair:1   | Reached skill level 10 in Fighting
 16507 | Lair:1   | Reached skill level 10 in Dodging
 16646 | Lair:2   | Reached skill level 11 in Dodging
 16797 | Lair:2   | Noticed an eight-headed hydra
 17001 | Lair:2   | Reached skill level 12 in Dodging
 17345 | Lair:2   | Reached skill level 13 in Dodging
 17356 | Lair:2   | Reached ****** piety under Dithmenos
 17750 | Lair:2   | Killed a three-headed hydra
 17751 | Lair:2   | Reached XP level 13. HP: 57/72 MP: 24/24
 18065 | Lair:2   | Found a runed translucent door.
 18067 | Lair:2   | Noticed a reaper
 18782 | Lair:3   | Found a hole to the Spider Nest.
 19764 | Lair:3   | Found a staircase to the Swamp.
 19939 | Lair:3   | Reached skill level 15 in Stealth
 21115 | Lair:3   | Learned a level 3 spell: Vhi's Electric Charge
 21194 | Lair:3   | Reached skill level 1 in Air Magic
 21680 | Lair:4   | Noticed Snorg
 21690 | Lair:4   | Killed Snorg
 21981 | Lair:4   | Reached skill level 10 in Invocations
 21984 | Lair:4   | Reached skill level 1 in Armour
 22298 | Lair:4   | Found a viscous altar of Jiyva.
 22299 | Lair:4   | Found a staircase to the Slime Pits.
 22757 | Lair:5   | Entered Level 5 of the Lair of Beasts
 22797 | Lair:5   | Identified the +3 robe "Ygedudgh" {rF- Int+4}
 23026 | Lair:5   | Reached XP level 14. HP: 77/77 MP: 25/25
 23989 | Lair:5   | Identified the +2 trident "Pendulum" {flame, rN+ Dex+4}
 24064 | Lair:5   | Reached skill level 5 in Air Magic
 24239 | Lair:5   | Identified the +1 leather armour of Melancholy {SInv}
 24589 | Orc:1    | Entered Level 1 of the Orcish Mines
 25063 | Orc:1    | Found Poaheum's Jewellery Shoppe.
 25086 | Orc:1    | Bought a ring of poison resistance for 260 gold pieces
 25132 | Orc:1    | Found a runed translucent door.
 25133 | Orc:1    | Noticed Piadonn's ghost (journeyman MiBe)
 25318 | Orc:2    | Entered Level 2 of the Orcish Mines
 25324 | Orc:1    | Noticed Jorgrun
 25355 | Orc:1    | Killed Jorgrun
 26318 | Orc:2    | Noticed Urug
 26346 | Orc:2    | Found Lebueweuh's Self-Improvement Boutique.
 26373 | Orc:2    | Killed Urug
 26737 | Orc:2    | Found a staircase to the Elven Halls.
 26740 | Orc:2    | Noticed Azrael
 26928 | Orc:2    | Found Masumm's Magic Scroll Boutique.
 26929 | Orc:2    | Found Xiut's General Store.
 28288 | Orc:2    | Learned a level 5 spell: Silence
 29472 | Orc:2    | Bought the +0 hat of Qocehioq {Contam rPois Regen+} for 124
                  | gold pieces
 29792 | Orc:2    | Reached skill level 10 in Evocations
 30037 | Orc:2    | Reached skill level 10 in Short Blades
 30383 | Orc:2    | Found Pipsuqer's Antique Weapon Shoppe.
 30383 | Orc:2    | Found Efuemi's Book Emporium.
 30383 | Orc:2    | Found a one-way gate leading to the halls of Pandemonium.
 30392 | Orc:2    | Bought a Grand Grimoire for 476 gold pieces
 30392 | Orc:2    | Bought Great Wizards, Vol. VII for 420 gold pieces
 30541 | D:12     | Reached XP level 15. HP: 85/85 MP: 26/26
 30626 | D:12     | Noticed Lodul
 30695 | D:12     | Noticed Erolcha
 30929 | D:12     | Learned a level 5 spell: Yara's Violent Unravelling
 31167 | D:12     | Killed Erolcha
 31200 | D:12     | Killed Lodul
 31286 | D:13     | Identified the +1 robe "Onwol" {Rampage}
 31434 | D:13     | Noticed Josephine
 31479 | D:13     | Killed Josephine
 31599 | D:13     | Found a gate to the Vaults.
 31841 | D:13     | Noticed a frost giant
 33803 | D:14     | Identified the +3 leather armour of Gallantry {Will++}
 33906 | D:14     | Reached skill level 10 in Spellcasting
 33927 | D:15     | Entered Level 15 of the Dungeon
 34461 | D:15     | Found a staircase to the Depths.
 34851 | Spider:1 | Entered Level 1 of the Spider Nest
 34965 | Spider:1 | Reached XP level 16. HP: 65/91 MP: 27/31
 35017 | Spider:1 | Reached skill level 5 in Translocations
 35476 | Spider:1 | Reached skill level 14 in Dodging
 35525 | Spider:1 | Found a frozen archway.
 35537 | IceCv    | Entered an ice cave
 35618 | Spider:1 | Learned a level 7 spell: Malign Gateway
 35784 | Spider:1 | Reached skill level 1 in Summonings
 35960 | Spider:1 | Found a hide-covered altar of Uskayaw.
 36084 | Spider:1 | Reached skill level 15 in Dodging
 36593 | Spider:2 | Reached skill level 16 in Dodging
 37701 | Spider:3 | Reached skill level 17 in Dodging
 38212 | Spider:3 | Reached skill level 10 in Translocations
 38810 | Spider:3 | Noticed Nikola
 38826 | Spider:3 | Killed Nikola
 38827 | Spider:3 | Reached XP level 17. HP: 95/95 MP: 28/32
 39128 | Spider:4 | Entered Level 4 of the Spider Nest
 39130 | Spider:4 | Identified the ring of the Neverending Ghosts {Fly Str+5}
 40244 | Spider:4 | Found a runed translucent gate.
 40244 | Spider:4 | Found a runed translucent gate.
 40245 | Spider:4 | Found a runed translucent gate.
 40246 | Spider:4 | Noticed Demosthentine's ghost (adept DsGl)
 41608 | Spider:4 | Reached skill level 18 in Dodging
 41672 | Spider:4 | Got a gossamer rune of Zot
 41974 | Swamp:1  | Entered Level 1 of the Swamp
 42074 | Swamp:1  | Noticed Aizul
 42076 | Swamp:1  | Killed Aizul
 42944 | Swamp:2  | Noticed a tentacled monstrosity
 42947 | Swamp:2  | Killed a tentacled monstrosity
 42949 | Swamp:2  | Reached skill level 19 in Dodging
 43207 | Swamp:2  | Reached XP level 18. HP: 100/100 MP: 35/35
 43957 | Swamp:3  | Noticed a tentacled monstrosity
 44590 | Swamp:4  | Entered Level 4 of the Swamp
 44832 | Swamp:3  | Killed a tentacled monstrosity
 46165 | Swamp:4  | Noticed a bone dragon
 46418 | Swamp:4  | Killed a bone dragon
 46498 | Swamp:4  | Got a decaying rune of Zot
 46895 | Vaults:1 | Entered Level 1 of the Vaults
 47701 | Vaults:1 | Learned a level 4 spell: Summon Lightning Spire
 47768 | Vaults:1 | Reached skill level 15 in Fighting
 47825 | Vaults:1 | Reached skill level 5 in Summonings
 48019 | Vaults:1 | Reached XP level 19. HP: 108/108 MP: 24/36
 48502 | Vaults:1 | Reached skill level 20 in Dodging
 49372 | Vaults:2 | Identified the +2 kite shield "Kamaluyz" {rF+ rC+}
 49372 | Vaults:2 | Noticed Donald
 49374 | Vaults:2 | Killed Donald
 49476 | Vaults:2 | Identified the +9 short sword of Prescription {freeze,
                  | rElec Str+5 Dex-2}
 50333 | Vaults:2 | Noticed a dread lich
 50872 | Vaults:2 | Found an ancient bone altar of Kikubaaqudgha.
 51132 | Vaults:2 | Found a staircase to the Crypt.
 51132 | Vaults:2 | Found a basalt altar of Yredelemnul.
 51182 | Vaults:2 | Killed a dread lich
 52324 | Vaults:3 | Found Luasusea's Antique Weapon Boutique.
 53565 | Vaults:3 | Found a runed translucent door.
 53565 | Vaults:3 | Noticed Reyb's ghost (veteran DsGl)
 53833 | Vaults:3 | Reached XP level 20. HP: 114/114 MP: 33/38
 54067 | Vaults:4 | Reached skill level 15 in Translocations
 54155 | Vaults:4 | Identified the +2 chain mail of the Hot Ocelot {Str+3}
 54528 | Vaults:4 | Noticed Frederick
 54559 | Vaults:4 | Killed Frederick
 54633 | Vaults:4 | Found the +12 glaive of Prune {freeze, Prune}
 54748 | Vaults:4 | Learned a level 5 spell: Summon Mana Viper
 55295 | Orc:2    | Bought a manual of Summonings for 1120 gold pieces
 55815 | Vaults:4 | Reached skill level 15 in Spellcasting
 56036 | Vaults:4 | Paralysed by a formless jellyfish for 1 turns
 56136 | Vaults:4 | Found a portal to a secret trove of treasure.
 56857 | Vaults:4 | Identified the +7 mace of Unreason {elec, Str+5 Int-4}
 57202 | Orc:2    | Killed Azrael
 57436 | Orc:2    | Found a runed translucent gate.
 57436 | Orc:2    | Found a runed translucent gate.
 57436 | Orc:2    | Found a runed translucent gate.
 57437 | Orc:2    | Noticed knightboat's ghost (journeyman BaIE)
 57448 | Orc:2    | Killed knightboat's ghost
 57450 | Orc:2    | Identified the ring "Goer Omo" {rC+ Dex+3}
 57993 | Elf:1    | Entered Level 1 of the Elven Halls
 58114 | Elf:1    | Reached skill level 1 in Shields
 59030 | Elf:2    | Noticed Louise
 59030 | Elf:2    | Identified a scroll of acquirement
 59032 | Elf:2    | Killed Louise
 59191 | Elf:2    | Acquired Asmodeus's Volume of the Flock
 59479 | Elf:2    | Got Sif Muna's Compilation of Sand
 59790 | Elf:2    | Noticed Saint Roka
 59822 | Elf:2    | Killed Saint Roka
 60163 | Elf:2    | Found a runed translucent gate.
 60163 | Elf:2    | Found a runed translucent gate.
 60163 | Elf:2    | Found a runed translucent gate.
 60268 | Elf:2    | Reached XP level 21. HP: 119/119 MP: 35/42
 60322 | Elf:2    | Got the Secrets of Axaxaxas mlö
 60329 | Elf:2    | Got the Anthology of Dhcmrlchtdj
 60486 | Elf:3    | Entered Level 3 of the Elven Halls
 60542 | Elf:3    | Found Wuaxijer's General Store.
 60639 | Elf:3    | Found Mioh's Armour Emporium.
 60642 | Elf:3    | Found Ciar Sib's Book Shoppe.
 60642 | Elf:3    | Found Ybugocs's Antique Weapon Emporium.
 60647 | Elf:3    | Found Fowirew's Book Shoppe.
 60918 | Elf:3    | Identified the ring of Quckoul {rN+ Str-3 Dex+2 SInv}
 61384 | Elf:3    | Reached skill level 5 in Shields
 61503 | Elf:3    | Paralysed by an air elemental for 1 turns
 61956 | Elf:3    | Identified the +10 spear of Fuimyis {vamp, rPois rC- Int+2}
 62069 | Elf:3    | Identified the amulet of Xouloroy {Reflect Dex+4 SH+5}
 62162 | Elf:3    | Identified the ring of Xom's Full Attention {rElec rC+
                  | rCorr}
 62356 | Elf:3    | Paralysed by an air elemental for 1 turns
 62695 | Elf:3    | Found Ciar Sib's Book Shoppe.
 62697 | Elf:3    | Found Fowirew's Book Shoppe.
 62697 | Elf:3    | Found Mioh's Armour Emporium.
 62701 | Elf:3    | Found Ybugocs's Antique Weapon Emporium.
 62962 | Elf:3    | Identified the +5 mace of Etitivec {freeze, Str+3}
 62962 | Elf:3    | Identified the ring of Cowardice {Int+6 Slay+3}
 63131 | Elf:3    | Found Wuaxijer's General Store.
 63887 | Elf:3    | Identified the +11 great sword of the Badger {flame, Str+5
                  | Int+4}
 63920 | Elf:3    | Identified the staff of the People {rElec rC+ Dex+2 Ice}
 63937 | Elf:3    | Got the Textbook on Stormy Kinetic Energy
 64521 | D:15     | Found a shadowy altar of Dithmenos.
 64637 | Depths:1 | Entered Level 1 of the Depths
 64676 | Depths:1 | Learned a level 1 spell: Apportation
 65004 | Depths:1 | Found a gateway to Hell.
 65488 | Depths:1 | Found a sacrificial altar of Ru.
 65606 | Depths:1 | Found the +3 warlock's mirror {omnireflect}
 65666 | Depths:1 | Reached skill level 10 in Summonings
 67029 | Depths:2 | Found a one-way gateway to a ziggurat.
 68345 | Depths:3 | Noticed a juggernaut
 68474 | Depths:3 | Noticed Sojobo
 68477 | Depths:3 | Paralysed by an air elemental for 1 turns
 68848 | Depths:2 | Reached XP level 22. HP: 117/124 MP: 44/44
 69093 | Depths:2 | Reached skill level 15 in Hexes
 69902 | Depths:2 | Found a one-way gateway to a ziggurat.
 71045 | Depths:3 | HP: 5/124 [vampire knight/+0 great sword (3)]
 71314 | Depths:2 | Found a one-way gateway to a ziggurat.
 71316 | Depths:2 | Paralysed by a floating eye for 3 turns
 71324 | Depths:2 | Paralysed by a floating eye for 2 turns
 71331 | Depths:2 | Paralysed by a floating eye for 2 turns
 71724 | Depths:2 | Killed a juggernaut
 72687 | Depths:3 | Killed Sojobo
 72982 | Depths:3 | Identified the +0 barding of the Harvest {rCorr Dex+3}
 73046 | Depths:3 | Found a one-way gate to the infinite horrors of the Abyss.
 73322 | Depths:3 | Noticed a juggernaut
 73323 | Depths:3 | Noticed a golden dragon
 73501 | Depths:3 | Killed a juggernaut
 73744 | Depths:3 | Reached skill level 21 in Dodging
 73812 | Depths:3 | Noticed a juggernaut
 73879 | Depths:3 | Killed a juggernaut
 73947 | Depths:3 | Killed a golden dragon
 74116 | Depths:4 | Entered Level 4 of the Depths
 74183 | Depths:4 | Noticed a caustic shrike
 74183 | Depths:4 | Noticed a caustic shrike
 74188 | Depths:4 | Noticed a caustic shrike
 74237 | Depths:3 | Killed a caustic shrike
 74240 | Depths:3 | Killed a caustic shrike
 74417 | Depths:4 | Killed a caustic shrike
 74580 | Depths:4 | Identified the ring of Geaxaler {Fly Int+2 Dex+3}
 74658 | Depths:4 | Noticed a juggernaut
 74722 | Depths:4 | Killed a juggernaut
 75384 | Depths:4 | Acquired the ring "Gawengot" {rElec rC+ rN+ rCorr Str-2}
 75614 | Depths:4 | Reached skill level 22 in Dodging
 75738 | Depths:4 | Noticed a golden dragon
 75751 | Depths:4 | Found a gate to the Realm of Zot.
 76656 | Depths:4 | Killed a golden dragon
 76657 | Depths:4 | Reached XP level 23. HP: 114/128 MP: 39/45
 76716 | Depths:4 | Found a gate to the Realm of Zot.
 77104 | Depths:3 | Voluntarily entered the Abyss.
 77120 | Abyss:3  | Found a corrupted altar of Lugonu.
 77120 | Abyss:3  | Found a corrupted altar of Lugonu.
 77125 | Abyss:3  | Found a corrupted altar of Lugonu.
 77129 | Abyss:3  | Found a corrupted altar of Lugonu.
 77560 | Abyss:3  | Killed from afar by a meliai

Illustrated notes

Levels and vault maps discovered:
D:1:      lightli_arrival_boilingwater, layout_loops_ring, nrook_mini_backslash,
          chequers_avenue
D:2:      layout_basic, nicolae_twisty_statue_hallways
D:3:      layout_loops_ring, hellmonk_ecumenical_altar_watching_god,
          minmay_three_crescents, uniq_jessica
D:4:      layout_basic, minmay_temple_entry_large_hall
D:5:      wander_river, layout_basic, lemuel_round_altar, lemuel_crystal_altar,
          minmay_misc_feat_four_crosses
D:6:      layout_loops_cross, nicolae_eternal_life, kennysheep_generic_room_6,
          uniq_menkaure
D:7:      layout_basic, nzn_wu_jian_contemplation, mainiacjoe_overflow_catwalk,
          grunt_decor_cap, minmay_misc_feat_doors, nicolae_lava_and_water,
          chequers_serial_rivers_large_a, uniq_joseph
D:8:      layout_cave_pods, dk_yredelemnul_ordeal, enter_bailey_2, uniq_maggie
D:9:      layout_cave_pools, lemuel_coloured_pillars_altar,
          lemuel_mausoleum_altar_kikubaaqudgha, uniq_erica
D:10:     layout_roguey, mainiacjoe_overflow_concentric_impassable,
          nicolae_qazlal_style_of_elements, worldfamousw_hep_ancestral_shrine,
          minmay_orc_entry_temple_small, muffindrake_ghost_dual_entry
D:11:     layout_basic, hellmonk_lair_entry_icy, amcnicky_mini_corridor_feature
D:12:     layout_long_grid, uniq_erolcha, uniq_lodul
D:13:     hangedman_cross_veins, layout_long_grid, david_vaults_1,
          uniq_josephine
D:14:     minmay_the_grid_triangle_9x9_rhombus_thin
          [minmay_the_grid_triangle_9x9_steps,
          minmay_the_grid_triangle_9x9_prize_center,
          minmay_the_grid_triangle_9x9_negative_grid,
          minmay_the_grid_triangle_9x9_cache], layout_loops_corners
D:15:     grunt_enter_depths_magical_seal, layout_loops_ring,
          nicolae_dithmenos_through_a_glass_darkly
Temple:   nicolae_temple_ecumenical_triangle
Lair:1:   layout_chaotic_city
Lair:2:   minmay_lair_oklob_chamber, layout_cave_pods,
          pdpol_lair_cabin_in_the_woods, grunt_megastairs_1
Lair:3:   wad_woods_structure_01, layout_small_grid, minmay_swamp_entry_swarm,
          nicolae_spider_entry_non_spiders
Lair:4:   layout_long_grid, minmay_slime_entry_eyes, serial_bayou_crossing,
          lemuel_fruit_fields, uniq_snorg
Lair:5:   gammafunk_lair_ancient_temple, layout_concentric_octagons,
          minivault_19, nicolae_quartered_pool_impasse, minmay_lair_drake_nest,
          lemuel_fruit_tree
Swamp:1:  layout_falls_marsh, serial_swamp_ruin, hangedman_swamp_ruin_hall,
          evilmike_swamp_ruin_rubble_2, evilmike_swamp_ruin_house_5, uniq_aizul
Swamp:2:  nzn_winding_woodlands_medium [nzn_winding_woodlands_5x5_cross,
          nzn_winding_woodlands_5x15_default, nzn_winding_woodlands_hourglass,
          nzn_winding_woodlands_5x5_closed_star,
          nzn_winding_woodlands_center_lodge, nzn_winding_woodlands_5x5_default,
          nzn_winding_woodlands_5x5_default,
          nzn_winding_woodlands_5x15_sidewinder,
          nzn_winding_woodlands_5x5_perimeter], layout_falls_marsh,
          evilmike_swamp_ruin_house_3
Swamp:3:  layout_basic_swamp, evilmike_swamp_ruin_house_2, swamp_pool1,
          nicolae_swamp_round_clearing, infiniplex_staircase_pool_2
Swamp:4:  swamp_pestilence, layout_basic_swamp
Spider:1: layout_spider_delve, portal_ice_cave_entry_pillars_2,
          nicolae_spider_altar_of_dancing
Spider:2: spiders_nest_scorpion_pit, nicolae_spider_webbed_stairs
Spider:3: layout_spider_delve, uniq_nikola
Spider:4: floodkiller_spider_rune_tomb, ebering_ghost_rock_garden
Orc:1:    layout_caves, gammafunk_ghost_grave, serial_shops, shop, uniq_jorgrun
Orc:2:    pf_orc_diabolical, layout_caves, nicolae_volcano_entry_vermiform,
          ebering_ghost_rock_garden, nicolae_shop_self_help, uniq_azrael,
          uniq_urug
Elf:1:    layout_geoelf_diagonals, hangedman_elf_disciples, minivault_25_ag
Elf:2:    nicolae_elf_blades_splatter_lattice [grunt_blade_entry_basic],
          layout_loops_cross, bh_hangedman_babel_library, uniq_saint_roka,
          uniq_louise
Elf:3:    nooodl_elf_gasket, layout_onion_city, serial_shops, shop,
          minmay_shoptagon
Vaults:1: nicolae_vaults_network_s, grunt_vaults_twisty,
          nicolae_vaults_wine_cellar, v_misc_2, dpeg_vaults_waves,
          ontoclasm_vaults_tryst, nicolae_vaults_theta,
          vaults_mumra_chevron_long, vaults_dpeg_hooks,
          nicolae_vaults_little_squares_6, hangedman_vaults_stitches,
          nicolae_vaults_oval_intersection, grunt_vaults_trifunnel,
          layout_vaults_omnibox
Vaults:2: minmay_crypt_entry_necro_gods, nicolae_vaults_oval_intersection,
          ontoclasm_vaults_ring_large, ontoclasm_vaults_loading_screen,
          nicolae_vaults_triangles, hangedman_vaults_maws,
          nicolae_vaults_network_quinsquares
          [nicolae_vaults_network_quincunx_subvault,
          nicolae_vaults_network_quincunx_subvault,
          nicolae_vaults_network_quincunx_subvault,
          nicolae_vaults_network_quincunx_subvault], nicolae_vaults_mitosis,
          vaults_room_corners, nicolae_vaults_little_ls, vaults_dpeg_diagonal,
          hangedman_vaults_nails, nicolae_vaults_two_Ls,
          nicolae_vaults_murder_corner, nicolae_vaults_storage_room_water,
          layout_vaults_ring, uniq_donald
Vaults:3: ebering_ghost_inner_flame, nicolae_vaults_closet_pinwheel_5,
          nicolae_vaults_heart-shaped_vault, v_misc_22, st_lattice,
          ontoclasm_vaults_pinch, vaults_mumra_minichess, v_misc_27,
          layout_vaults_omnigrid, serial_shops, shop
Vaults:4: nicolae_vaults_trapezoid_lopsided_2, nicolae_vaults_disjoint_gnomons,
          st_hourglassy, v_misc_18, v_misc_32, nicolae_vaults_alarming,
          nicolae_vaults_little_squares_6, v_misc_25, grunt_vaults_hallway_long,
          nicolae_vaults_trapezoid_lopsided_1, nicolae_vaults_more_shelving_2,
          ontoclasm_vaults_chip, layout_vaults_omnicross,
          nicolae_trove_entry_columns, uniq_frederick
Depths:1: layout_gridville, hangedman_tar_grid_catacomb,
          nicolae_ru_path_of_blood, hangedman_aviary,
          roderic_lattice_octagonal_star
Depths:2: kennysheep_oblong_rooms, layout_gridlike, enter_ziggurat_d,
          grunt_pan_entry_zigzag, nicolae_the_louvre, hell_entry,
          infiniplex_staircase_pillars_2
Depths:3: kennysheep_green_arena, layout_cave_shapes, abyss_entry_crystal,
          pf_hell_entry_great_geh, kennysheep_nub, uniq_sojobo
Depths:4: evilmike_zot_entry_argh, layout_cave_pools, grunt_decor_mini_mirrors,
          hell_entry, nicolae_figureground_pulse
Abyss:3:  base: Spider:3, hangedman_abyss_exit_choices, hangedman_eye_storm,
          spicy_abyss_planar_alliance, due_exit_kobolds,
          grunt_abyss_rune_wretched_hive, grunt_abyss_rune_wretched_hive,
          evilmike_abyss_exit_glass, lemuel_flamethrower_2

Skill      XL: |  1  2  3  4  5  6  7  8  9 10 11 12 13 14 15 16 17 18 19 20 21 22 23 |
---------------+----------------------------------------------------------------------+-----
Dodging        | 3 4 8 13 17 19 20 22 | 22.0
Long Blades    | 1 |  1.0
Short Blades   | 2 3 4 5 7 8 10 13 | 13.9
Ice Magic      | 1 2 |  2.0
Fighting       | 1 3 4 5 6 9 10 12 13 15 16 | 16.3
Hexes          | 5 6 8 9 10 12 14 15 | 15.8
Spellcasting   | 3 4 5 7 10 12 13 16 17 | 17.2
Translocations | 1 3 4 10 12 13 14 15 19 20 | 20.0
Stealth        | 5 7 9 12 15 16 17 18 | 18.0
Transmutations | 1 3 |  3.0
Evocations     | 5 6 7 10 11 12 14 | 14.0
Invocations    | 6 8 10 12 | 12.0
Earth Magic    | 1 |  1.3
Air Magic      | 3 5 |  5.0
Armour         | 2 4 |  4.0
Summonings     | 3 4 5 7 12 13 | 13.3
Shields        | 4 6 |  6.0

Action                     |  1- 3 |  4- 6 |  7- 9 | 10-12 | 13-15 | 16-18 | 19-21 | 22-24 || total
---------------------------+-------+-------+-------+-------+-------+-------+-------+-------++-------
  Melee: Dagger            |    89 |   129 |   208 |   595 |   412 |       |       |       ||  1433
         Punch             |     2 |       |     1 |    13 |    24 |    44 |    43 |    31 ||   158
         Scimitar          |       |       |       |     9 |       |       |       |       ||     9
         Rapier            |       |       |       |       |   823 |  1663 |  1808 |   726 ||  5020
  Throw: Dart              |       |       |       |     1 |     4 |       |       |       ||     5
   Cast: Ensorcelled Hiber |     8 |    45 |    60 |   216 |   233 |   205 |   130 |    49 ||   946
         Tukima's Dance    |       |     6 |    12 |     7 |     4 |       |       |       ||    29
         Confusing Touch   |       |     1 |    15 |    54 |    51 |    62 |    26 |    17 ||   226
         Dazzling Flash    |       |       |     3 |    30 |    51 |    22 |       |       ||   106
         Vhi's Electric Ch |       |       |       |       |     4 |       |       |       ||     4
         Passwall          |       |       |       |       |     3 |     1 |       |       ||     4
         Blink             |       |       |       |       |       |     6 |     6 |    15 ||    27
         Yara's Violent Un |       |       |       |       |       |     5 |    69 |    17 ||    91
         Summon Lightning  |       |       |       |       |       |     2 |    53 |    51 ||   106
         Silence           |       |       |       |       |       |       |     2 |       ||     2
         Summon Mana Viper |       |       |       |       |       |       |    59 |    29 ||    88
         Malign Gateway    |       |       |       |       |       |       |       |    12 ||    12
 Invoke: Shadow Step       |       |       |       |       |     4 |     5 |     7 |     4 ||    20
  Evoke: Wand              |       |       |       |       |       |     2 |       |    14 ||    16
         Condenser vane    |       |       |       |       |       |     1 |       |       ||     1
         Phial of floods   |       |       |       |       |       |       |     1 |       ||     1
    Use: Scroll            |       |     3 |     1 |    16 |     9 |     5 |     9 |     6 ||    49
         Potion            |       |       |       |       |     1 |     3 |       |     4 ||     8
   Stab: Sleeping          |    19 |    33 |    51 |   129 |   212 |   264 |   185 |    38 ||   931
         Distracted        |       |     1 |     1 |       |     6 |    19 |    26 |    20 ||    73
         Confused          |       |     2 |    15 |    50 |    44 |    60 |    33 |    23 ||   227
         Invisible         |       |       |     2 |    20 |    37 |     8 |       |       ||    67
 Armour: Robe              |     4 |     5 |     7 |       |    69 |   110 |    28 |       ||   223
         Steam dragon scal |       |       |     1 |    29 |     9 |       |       |       ||    39
         Troll leather arm |       |       |       |       |    15 |       |       |       ||    15
         Acid dragon scale |       |       |       |       |       |       |    25 |    47 ||    72
         Skin              |       |       |       |       |       |       |       |    26 ||    26
  Dodge: Dodged            |    49 |    91 |   186 |   643 |  1120 |  1811 |  1278 |   529 ||  5707
  Block: Other             |       |       |       |       |       |       |    79 |   108 ||   187
         Reflection        |       |       |       |       |       |       |    10 |     1 ||    11

Table legend: (Time is in decaauts)
 A = Elapsed time spent in this place.
 B = Non-inter-level travel time spent in this place.
 C = Inter-level travel time spent in this place.
 D = Time resting spent in this place.
 E = Time spent auto-exploring this place.
 F = Levels seen in this place.
 G = Mean time per level.
                   A        B        C        D        E       F      G
               +--------+--------+--------+--------+--------+-----+--------+
         Total |  55801 |  51770 |   4031 |  15345 |  14114 |  47 | 1187.3 |
       Dungeon |  14173 |  12934 |   1239 |   2957 |   4878 |  15 |  944.9 |
        Temple |     25 |     25 |      0 |      0 |      0 |   1 |   25.0 |
          Lair |   7303 |   6529 |    774 |   2102 |   1663 |   5 | 1460.6 |
         Swamp |   3268 |   3046 |    222 |    645 |    786 |   4 |  817.0 |
   Spider Nest |   4882 |   4574 |    308 |   1293 |    816 |   4 | 1220.5 |
  Orcish Mines |   4608 |   4401 |    207 |   2330 |    425 |   2 | 2304.0 |
   Elven Halls |   4489 |   4326 |    163 |   1116 |   1560 |   3 | 1496.3 |
        Vaults |   6609 |   6123 |    486 |   1310 |   1911 |   4 | 1652.2 |
        Depths |   9217 |   8589 |    628 |   3104 |   1999 |   4 | 2304.2 |
         Abyss |    303 |    303 |      0 |     69 |      0 |   3 |  101.0 |
        Bailey |    888 |    888 |      0 |    408 |     72 |   1 |  888.0 |
      Ice Cave |     30 |     30 |      0 |      6 |      0 |   1 |   30.0 |
               +--------+--------+--------+--------+--------+-----+--------+

Top non-repeatable levels by time:
Depths:2: 4355 daAuts
   Orc:2: 3444 daAuts
   Elf:3: 2615 daAuts
  Lair:3: 2588 daAuts
Vaults:2: 2155 daAuts
    D:10: 1842 daAuts
Depths:4: 1823 daAuts
Vaults:1: 1794 daAuts
Spider:3: 1709 daAuts
Spider:4: 1679 daAuts
Depths:3: 1589 daAuts
  Lair:2: 1564 daAuts
Vaults:4: 1490 daAuts
Depths:1: 1448 daAuts
     D:8: 1348 daAuts
